[ AOE2 MATCH · #478251022 ]
UnrankedWu vs Spanish
[ REPLAY ANALYSIS · EXTRACTED FROM THE RECORDED GAME ]
Feudal
18:50
Castle
23:51
Imperial
36:35
| APM avg | 43.2 |
| APM peak | 78 |
| eAPM avg | 24.6 |
| Villagers / military | 72 / 0 |
Focus
⚔️ 37.2% · 🌾 62.8%
Unknown (1968) ×42 · Unknown (1942) ×1
Feudal
11:06
Castle
14:44
Imperial
30:19
| APM avg | 25.1 |
| APM peak | 53 |
| eAPM avg | 15.0 |
| Villagers / military | 143 / 87 |
Focus
⚔️ 25.6% · 🌾 74.4%
Knight ×71 · Bombard Cannon ×10 · Mangonel ×3 · Monk ×1 · Battering Ram ×1 · Scout Cavalry ×1
Feudal
11:08
Castle
14:38
Imperial
32:39
| APM avg | 43.4 |
| APM peak | 96 |
| eAPM avg | 15.1 |
| Villagers / military | 187 / 36 |
Focus
⚔️ 26.7% · 🌾 73.3%
Conquistador ×18 · Scorpion ×7 · Monk ×5 · Mangonel ×3 · Bombard Cannon ×3
Feudal
10:08
Castle
24:31
Imperial
35:13
| APM avg | 51.7 |
| APM peak | 112 |
| eAPM avg | 20.5 |
| Villagers / military | 107 / 76 |
Focus
⚔️ 27.4% · 🌾 72.6%
Archer ×67 · Trebuchet (Packed) ×7 · Longbowman ×2
Feudal
16:31
Castle
21:42
Imperial
37:32
| APM avg | 42.8 |
| APM peak | 98 |
| eAPM avg | 25.0 |
| Villagers / military | 140 / 99 |
Focus
⚔️ 28.1% · 🌾 71.9%
Archer ×99
Feudal
14:50
Castle
21:22
Imperial
—
| APM avg | 45.2 |
| APM peak | 89 |
| eAPM avg | 36.1 |
| Villagers / military | 82 / 0 |
Focus
⚔️ 48.9% · 🌾 51.1%
Feudal
12:16
Castle
16:14
Imperial
29:34
| APM avg | 44.7 |
| APM peak | 100 |
| eAPM avg | 20.5 |
| Villagers / military | 131 / 89 |
Focus
⚔️ 28.3% · 🌾 71.7%
Camel Scout ×72 · Mangonel ×10 · Trebuchet (Packed) ×6 · Monk ×1
Feudal
10:28
Castle
21:09
Imperial
30:43
| APM avg | 28.5 |
| APM peak | 75 |
| eAPM avg | 17.4 |
| Villagers / military | 144 / 115 |
Focus
⚔️ 28.4% · 🌾 71.6%
Steppe Lancer ×60 · Scout Cavalry ×25 · Monk ×10 · Spearman ×10 · Battering Ram ×8 · Trebuchet (Packed) ×2
Match map
Initial resources + every placement click. Lines = walls · curves = elevation contours. ◆ gold · ⬟ stone · ● berries · ✦ relic · ◌ wall gap
Your base· ✓ Closed at 23:51 · 46t walls · 1 gate(s)
Kergin's base· ✓ Closed at 14:44 · 15t walls · no gate
jude's base· ✓ Closed at 14:38 · 0t walls · no gate
Element-Dy's base· ✓ Closed at 24:31 · 11t walls · 1 gate(s)
Oliver's base· ✓ Closed at 21:42 · 24t walls · 1 gate(s)
tima_1999's base· ✓ Closed at 21:22 · 99t walls · 1 gate(s)
ALmotema's base· ✓ Closed at 16:14 · 0t walls · no gate
Mike_raft's base· ✓ Closed at 21:09 · 0t walls · no gate
Smoothed initial terrain · ◌ = detected wall gap · hover for details
Inputs per minute
— hungyh - - Kergin
Build order — hungyh
First 150 of 218 actions detected
| 0:01 | Create | Villager (Male) |
| 0:01 | Create | Villager (Male) |
| 0:02 | Build | House |
| 0:03 | Build | House |
| 0:12 | Create | Villager (Male) |
| 0:13 | Create | Villager (Male) |
| 0:27 | Research | Loom |
| 0:29 | Create | Villager (Male) |
| 0:30 | Create | Villager (Male) |
| 1:29 | Create | Villager (Male) |
| 1:39 | Build | Lumber Camp |
| 2:58 | Build | House |
| 3:41 | Create | Villager (Male) |
| 4:49 | Build | Palisade Wall |
| 4:51 | Build | Palisade Wall |
| 5:22 | Create | Villager (Male) |
| 5:23 | Create | Villager (Male) |
| 5:56 | Build | Palisade Wall |
| 6:00 | Build | Palisade Wall |
| 6:06 | Build | Palisade Wall |
| 6:24 | Create | Villager (Male) |
| 6:50 | Create | Villager (Male) |
| 6:50 | Create | Villager (Male) |
| 7:38 | Build | Palisade Wall |
| 8:14 | Create | Villager (Male) |
| 8:14 | Create | Villager (Male) |
| 8:35 | Build | Palisade Wall |
| 8:36 | Build | Palisade Wall |
| 8:36 | Build | Palisade Wall |
| 9:01 | Build | Palisade Wall |
| 9:11 | Create | Villager (Male) |
| 9:12 | Create | Villager (Male) |
| 9:46 | Create | Villager (Male) |
| 10:16 | Create | Villager (Male) |
| 10:44 | Create | Villager (Male) |
| 10:45 | Create | Villager (Male) |
| 11:10 | Create | Villager (Male) |
| 11:11 | Create | Villager (Male) |
| 11:36 | Build | Mill |
| 11:39 | Create | Villager (Male) |
| 11:56 | Create | Villager (Male) |
| 11:57 | Create | Villager (Male) |
| 12:26 | Create | Villager (Male) |
| 12:26 | Create | Villager (Male) |
| 13:05 | Create | Villager (Male) |
| 13:05 | Create | Villager (Male) |
| 13:29 | Build | Mill |
| 13:34 | Build | House |
| 13:38 | Create | Villager (Male) |
| 13:48 | Build | Farm |
| 13:50 | Build | Farm |
| 13:59 | Create | Villager (Male) |
| 14:36 | Create | Villager (Male) |
| 14:43 | Create | Villager (Male) |
| 15:04 | Build | Farm |
| 15:30 | Create | Villager (Male) |
| 15:48 | Create | Villager (Male) |
| 15:55 | Build | Farm |
| 16:30 | Build | Mining Camp |
| 16:36 | Research | Feudal Age |
| 16:48 | Build | House |
| 17:00 | Build | Palisade Wall |
| 17:08 | Build | Palisade Wall |
| 17:22 | Build | Palisade Wall |
| 17:55 | Create | Villager (Male) |
| 17:57 | Create | Villager (Male) |
| 18:06 | Build | Palisade Wall |
| 18:35 | Build | Lumber Camp |
| 18:50 | Age | Feudal Age |
| 18:54 | Create | Villager (Male) |
| 19:23 | Create | Villager (Male) |
| 19:43 | Build | Market |
| 20:41 | Build | Blacksmith |
| 20:45 | Research | Double-Bit Axe |
| 20:45 | Research | Double-Bit Axe |
| 20:55 | Build | Mining Camp |
| 21:11 | Research | Castle Age |
| 21:11 | Research | Castle Age |
| 21:41 | Build | Stone Wall |
| 21:52 | Build | Stone Wall |
| 21:58 | Build | Gate |
| 22:07 | Build | Stone Wall |
| 22:10 | Build | Stone Wall |
| 22:13 | Build | Stone Wall |
| 22:21 | Research | Stone Mining |
| 23:23 | Create | Villager (Male) |
| 23:33 | Research | Horse Collar |
| 23:45 | Create | Villager (Male) |
| 23:51 | Age | Castle Age |
| 24:20 | Build | Castle |
| 24:25 | Build | Castle |
| 24:35 | Build | House |
| 24:43 | Build | House |
| 24:53 | Build | Stone Wall |
| 24:55 | Build | Stone Wall |
| 25:06 | Build | House |
| 25:14 | Create | Villager (Male) |
| 25:14 | Create | Villager (Male) |
| 25:20 | Create | Unit 1968 |
| 25:20 | Create | Unit 1968 |
| 25:56 | Create | Unit 1968 |
| 25:56 | Create | Unit 1968 |
| 25:57 | Create | Villager (Male) |
| 25:58 | Create | Villager (Male) |
| 26:15 | Create | Unit 1968 |
| 26:21 | Create | Unit 1968 |
| 26:25 | Build | Farm |
| 26:25 | Build | Farm |
| 26:26 | Build | Farm |
| 26:27 | Build | Farm |
| 26:30 | Build | Farm |
| 26:31 | Build | Farm |
| 26:32 | Build | Farm |
| 26:32 | Build | Farm |
| 26:36 | Build | Farm |
| 27:14 | Create | Unit 1968 |
| 27:14 | Create | Unit 1968 |
| 27:27 | Build | Farm |
| 27:59 | Create | Unit 1968 |
| 27:59 | Create | Unit 1968 |
| 28:03 | Create | Villager (Male) |
| 28:49 | Research | Fletching |
| 28:49 | Research | Fletching |
| 28:50 | Create | Villager (Male) |
| 28:50 | Create | Villager (Male) |
| 28:59 | Build | Farm |
| 29:00 | Build | Farm |
| 29:04 | Build | Farm |
| 29:06 | Create | Villager (Male) |
| 29:12 | Build | House |
| 29:13 | Build | House |
| 29:36 | Create | Villager (Male) |
| 29:36 | Create | Villager (Male) |
| 29:38 | Create | Unit 1968 |
| 29:38 | Create | Unit 1968 |
| 29:59 | Build | House |
| 30:02 | Build | House |
| 30:03 | Build | House |
| 30:04 | Create | Villager (Male) |
| 30:22 | Create | Unit 1968 |
| 30:22 | Create | Unit 1968 |
| 30:24 | Create | Villager (Male) |
| 30:39 | Build | Gate |
| 30:42 | Build | Stone Wall |
| 30:47 | Research | Bodkin Arrow |
| 30:48 | Research | Bodkin Arrow |
| 30:48 | Create | Villager (Male) |
| 30:52 | Build | House |
| 30:52 | Build | House |
| 31:08 | Create | Villager (Male) |
Build order — Kergin
First 150 of 322 actions detected
| 0:01 | Create | Villager (Male) |
| 0:01 | Create | Villager (Male) |
| 0:01 | Create | Villager (Male) |
| 0:02 | Build | House |
| 0:04 | Build | House |
| 0:06 | Create | Villager (Male) |
| 0:06 | Create | Villager (Male) |
| 1:25 | Create | Villager (Male) |
| 1:26 | Create | Villager (Male) |
| 1:56 | Create | Villager (Male) |
| 1:56 | Create | Villager (Male) |
| 2:21 | Create | Villager (Male) |
| 2:21 | Create | Villager (Male) |
| 2:22 | Build | Lumber Camp |
| 3:00 | Create | Villager (Male) |
| 3:01 | Create | Villager (Male) |
| 3:28 | Build | House |
| 3:30 | Create | Villager (Male) |
| 3:30 | Create | Villager (Male) |
| 4:17 | Create | Villager (Male) |
| 4:24 | Build | Mill |
| 4:45 | Create | Villager (Male) |
| 4:46 | Create | Villager (Male) |
| 5:33 | Create | Villager (Male) |
| 5:33 | Create | Villager (Male) |
| 5:33 | Create | Villager (Male) |
| 5:34 | Create | Villager (Male) |
| 5:37 | Build | House |
| 6:08 | Create | Villager (Male) |
| 6:32 | Research | Loom |
| 6:33 | Create | Villager (Male) |
| 6:34 | Create | Villager (Male) |
| 6:42 | Build | Mining Camp |
| 7:02 | Create | Villager (Male) |
| 7:02 | Create | Villager (Male) |
| 7:32 | Build | Palisade Wall |
| 7:41 | Create | Villager (Male) |
| 7:47 | Build | House |
| 8:43 | Research | Feudal Age |
| 9:42 | Create | Villager (Male) |
| 11:06 | Age | Feudal Age |
| 11:08 | Build | Market |
| 11:10 | Build | Blacksmith |
| 11:30 | Create | Villager (Male) |
| 12:04 | Research | Castle Age |
| 12:15 | Build | Stone Wall |
| 12:39 | Research | Double-Bit Axe |
| 12:51 | Research | Horse Collar |
| 14:31 | Build | Barracks |
| 14:44 | Age | Castle Age |
| 14:47 | Create | Villager (Male) |
| 14:47 | Create | Villager (Male) |
| 14:51 | Build | Town Center |
| 14:58 | Build | House |
| 14:59 | Build | House |
| 15:45 | Build | Stable |
| 15:50 | Create | Villager (Male) |
| 15:52 | Create | Villager (Male) |
| 15:58 | Research | Gold Mining |
| 16:08 | Build | Farm |
| 16:10 | Build | Farm |
| 16:16 | Build | Farm |
| 16:17 | Build | Farm |
| 16:21 | Build | Farm |
| 16:21 | Build | Farm |
| 16:28 | Create | Villager (Male) |
| 16:37 | Create | Villager (Male) |
| 16:59 | Build | Siege Workshop |
| 17:00 | Create | Knight |
| 17:36 | Build | Farm |
| 17:36 | Build | Farm |
| 17:37 | Build | Farm |
| 17:40 | Build | Farm |
| 17:41 | Build | Farm |
| 17:41 | Build | Farm |
| 17:41 | Build | Farm |
| 17:48 | Create | Villager (Male) |
| 17:57 | Create | Villager (Male) |
| 17:59 | Create | Knight |
| 18:10 | Create | Villager (Male) |
| 18:15 | Build | Farm |
| 18:45 | Create | Villager (Male) |
| 18:45 | Create | Villager (Male) |
| 19:07 | Build | Siege Workshop |
| 19:26 | Create | Villager (Male) |
| 19:28 | Create | Villager (Male) |
| 19:29 | Create | Villager (Male) |
| 19:34 | Build | House |
| 19:43 | Build | Town Center |
| 19:55 | Create | Villager (Male) |
| 19:56 | Create | Villager (Male) |
| 20:02 | Build | Farm |
| 20:06 | Create | Villager (Male) |
| 20:08 | Build | Farm |
| 20:11 | Build | Farm |
| 20:19 | Build | House |
| 20:24 | Create | Villager (Male) |
| 20:31 | Create | Mangonel |
| 20:34 | Create | Villager (Male) |
| 21:05 | Research | Town Watch |
| 21:05 | Create | Villager (Male) |
| 21:10 | Build | Farm |
| 21:10 | Build | Farm |
| 21:10 | Build | Farm |
| 21:11 | Build | Farm |
| 21:16 | Create | Villager (Male) |
| 21:25 | Build | House |
| 21:26 | Build | House |
| 21:37 | Create | Knight |
| 21:39 | Create | Villager (Male) |
| 21:41 | Create | Villager (Male) |
| 21:45 | Build | House |
| 21:46 | Build | House |
| 21:58 | Build | Farm |
| 21:58 | Build | Farm |
| 22:00 | Create | Villager (Male) |
| 22:04 | Create | Villager (Male) |
| 22:17 | Build | House |
| 22:18 | Build | Outpost |
| 22:37 | Create | Mangonel |
| 22:40 | Create | Battering Ram |
| 22:42 | Create | Villager (Male) |
| 22:42 | Create | Villager (Male) |
| 22:43 | Create | Villager (Male) |
| 22:44 | Create | Villager (Male) |
| 22:50 | Build | House |
| 22:56 | Create | Mangonel |
| 23:04 | Create | Villager (Male) |
| 23:04 | Create | Villager (Male) |
| 23:05 | Create | Villager (Male) |
| 23:09 | Research | Bow Saw |
| 23:12 | Build | Farm |
| 23:13 | Build | Farm |
| 23:13 | Build | Farm |
| 23:13 | Build | Farm |
| 23:23 | Build | Blacksmith |
| 23:29 | Build | Monastery |
| 23:34 | Create | Villager (Male) |
| 23:34 | Create | Villager (Male) |
| 23:35 | Create | Villager (Male) |
| 24:11 | Research | Wheelbarrow |
| 24:12 | Create | Villager (Male) |
| 24:12 | Create | Villager (Male) |
| 24:19 | Build | House |
| 24:20 | Build | House |
| 24:26 | Create | Villager (Male) |
| 24:30 | Create | Knight |
| 24:34 | Build | House |
| 24:48 | Create | Knight |
| 24:49 | Create | Scout Cavalry |
Build order — jude
First 150 of 274 actions detected
| 0:01 | Create | Villager (Male) ×4 |
| 0:01 | Create | Villager (Male) ×4 |
| 0:03 | Build | House |
| 0:04 | Build | House |
| 1:30 | Create | Villager (Male) |
| 1:46 | Build | Lumber Camp |
| 2:06 | Create | Villager (Male) |
| 2:06 | Create | Villager (Male) |
| 2:42 | Create | Villager (Male) |
| 2:43 | Create | Villager (Male) |
| 2:59 | Create | Villager (Male) |
| 2:59 | Create | Villager (Male) |
| 2:59 | Create | Villager (Male) |
| 3:36 | Create | Villager (Male) |
| 3:36 | Create | Villager (Male) |
| 4:00 | Build | House |
| 4:01 | Build | House |
| 4:13 | Create | Villager (Male) |
| 4:27 | Create | Villager (Male) |
| 4:28 | Create | Villager (Male) |
| 4:32 | Build | Mill |
| 5:04 | Create | Villager (Male) |
| 5:04 | Create | Villager (Male) |
| 5:36 | Create | Villager (Male) |
| 5:50 | Create | Villager (Male) |
| 6:13 | Create | Villager (Male) |
| 6:13 | Create | Villager (Male) |
| 6:27 | Create | Villager (Male) |
| 6:33 | Create | Villager (Male) |
| 7:06 | Build | House |
| 7:17 | Build | House |
| 7:30 | Create | Villager (Male) |
| 7:33 | Create | Villager (Male) |
| 7:33 | Create | Villager (Male) |
| 8:09 | Build | House |
| 8:39 | Build | Mining Camp |
| 8:53 | Research | Feudal Age |
| 10:03 | Build | Mill |
| 11:02 | Create | Villager (Male) |
| 11:02 | Create | Villager (Male) |
| 11:08 | Age | Feudal Age |
| 11:14 | Build | Market |
| 11:16 | Build | Blacksmith |
| 11:58 | Research | Castle Age |
| 11:58 | Research | Castle Age |
| 12:58 | Research | Double-Bit Axe |
| 12:59 | Research | Horse Collar |
| 13:47 | Research | Gold Mining |
| 13:56 | Create | Villager (Male) |
| 13:57 | Create | Villager (Male) |
| 14:38 | Age | Castle Age |
| 14:41 | Build | Siege Workshop |
| 14:45 | Build | Siege Workshop |
| 15:01 | Create | Villager (Male) |
| 15:09 | Create | Scorpion |
| 15:16 | Create | Scorpion |
| 15:22 | Build | House |
| 15:35 | Build | House |
| 15:40 | Build | House |
| 15:48 | Create | Scorpion |
| 15:48 | Create | Scorpion |
| 15:52 | Create | Villager (Male) |
| 16:07 | Build | House |
| 16:09 | Build | House |
| 16:17 | Create | Scorpion |
| 16:17 | Create | Scorpion |
| 16:43 | Create | Villager (Male) ×5 |
| 17:09 | Build | Town Center |
| 17:15 | Create | Villager (Male) |
| 17:15 | Create | Villager (Male) |
| 17:31 | Build | Mining Camp |
| 18:15 | Create | Villager (Male) |
| 18:15 | Create | Villager (Male) |
| 18:20 | Build | Town Center |
| 18:35 | Create | Villager (Male) ×2 |
| 19:15 | Create | Villager (Male) |
| 19:22 | Create | Villager (Male) ×2 |
| 19:22 | Create | Villager (Male) ×2 |
| 19:58 | Create | Villager (Male) |
| 19:58 | Create | Villager (Male) |
| 19:59 | Build | Farm |
| 19:59 | Build | Farm |
| 20:00 | Build | Farm |
| 20:04 | Build | Farm |
| 20:04 | Build | Farm |
| 20:04 | Build | Farm |
| 20:13 | Create | Mangonel |
| 20:24 | Create | Villager (Male) ×2 |
| 20:27 | Build | Farm |
| 20:29 | Build | Farm |
| 20:38 | Build | Farm |
| 20:39 | Build | Farm |
| 20:51 | Create | Villager (Male) ×2 |
| 20:51 | Create | Villager (Male) ×2 |
| 20:58 | Build | Farm |
| 21:19 | Create | Villager (Male) ×2 |
| 21:32 | Create | Mangonel |
| 21:33 | Create | Villager (Male) |
| 21:39 | Build | Farm |
| 21:53 | Create | Villager (Male) ×2 |
| 21:54 | Create | Villager (Male) ×2 |
| 22:26 | Create | Villager (Male) ×2 |
| 22:26 | Create | Villager (Male) ×2 |
| 22:30 | Build | House |
| 22:55 | Create | Villager (Male) ×2 |
| 22:57 | Build | House |
| 23:00 | Build | Farm |
| 23:00 | Build | Farm |
| 23:00 | Build | Farm |
| 23:03 | Build | Farm |
| 23:19 | Build | Castle |
| 23:34 | Create | Villager (Male) ×3 |
| 23:34 | Create | Villager (Male) ×3 |
| 24:04 | Build | House |
| 24:05 | Build | House |
| 24:05 | Build | House |
| 24:05 | Build | House |
| 24:38 | Create | Villager (Male) ×5 |
| 24:46 | Build | University |
| 24:47 | Create | Villager (Male) ×2 |
| 24:47 | Create | Villager (Male) ×2 |
| 25:13 | Create | Villager (Male) ×3 |
| 25:27 | Build | Gate |
| 25:34 | Build | House |
| 25:35 | Create | Villager (Male) ×2 |
| 25:50 | Build | Gate |
| 25:56 | Build | Stone Wall |
| 26:02 | Create | Villager (Male) ×3 |
| 26:10 | Build | Farm |
| 26:11 | Build | Farm |
| 26:13 | Build | House |
| 26:13 | Build | House |
| 26:13 | Build | House |
| 26:13 | Build | House |
| 26:15 | Create | Villager (Male) |
| 26:17 | Build | Farm |
| 26:17 | Build | Farm |
| 26:17 | Build | Farm |
| 26:18 | Build | Farm |
| 26:18 | Build | Farm |
| 26:18 | Build | Farm |
| 26:18 | Build | Farm |
| 26:22 | Build | Farm |
| 26:22 | Build | Farm |
| 26:23 | Build | Farm |
| 26:23 | Build | Farm |
| 26:23 | Build | Farm |
| 26:25 | Create | Villager (Male) ×2 |
| 26:29 | Build | Farm |
| 26:29 | Build | Farm |
Build order — Element-Dy
First 150 of 287 actions detected
| 0:01 | Create | Villager (Male) |
| 0:01 | Create | Villager (Male) |
| 0:02 | Build | House |
| 0:04 | Build | House |
| 0:06 | Research | Loom |
| 0:36 | Create | Villager (Male) |
| 0:56 | Create | Villager (Male) |
| 1:28 | Create | Villager (Male) |
| 1:28 | Create | Villager (Male) |
| 2:08 | Create | Villager (Male) |
| 2:24 | Create | Villager (Male) |
| 2:42 | Create | Villager (Male) |
| 3:06 | Build | Palisade Wall |
| 3:09 | Create | Villager (Male) |
| 3:25 | Create | Villager (Male) |
| 3:37 | Build | House |
| 4:11 | Create | Villager (Male) |
| 4:32 | Create | Villager (Male) |
| 4:55 | Build | Lumber Camp |
| 4:56 | Create | Villager (Male) |
| 5:14 | Create | Villager (Male) |
| 5:30 | Create | Villager (Male) |
| 5:39 | Create | Villager (Male) |
| 6:27 | Create | Villager (Male) |
| 6:59 | Create | Villager (Male) |
| 7:25 | Create | Villager (Male) |
| 7:28 | Build | Mining Camp |
| 7:55 | Research | Feudal Age |
| 8:44 | Create | Villager (Male) |
| 8:55 | Build | House |
| 9:04 | Build | Barracks |
| 9:29 | Build | House |
| 10:08 | Age | Feudal Age |
| 10:16 | Build | Archery Range |
| 10:22 | Build | Archery Range |
| 10:26 | Create | Villager (Male) |
| 10:38 | Research | Double-Bit Axe |
| 10:49 | Create | Villager (Male) |
| 10:59 | Build | House |
| 11:14 | Create | Archer |
| 11:15 | Create | Archer |
| 11:36 | Build | House |
| 11:38 | Create | Archer |
| 11:38 | Create | Archer |
| 11:38 | Create | Archer |
| 11:46 | Create | Villager (Male) |
| 11:51 | Create | Archer |
| 12:18 | Create | Archer |
| 12:43 | Build | Blacksmith |
| 12:45 | Build | House |
| 12:49 | Create | Villager (Male) |
| 12:58 | Create | Archer |
| 12:58 | Create | Archer |
| 12:58 | Create | Villager (Male) |
| 13:21 | Create | Archer |
| 13:35 | Create | Archer ×2 |
| 13:47 | Create | Villager (Male) |
| 13:50 | Build | House |
| 14:03 | Create | Archer |
| 14:03 | Create | Villager (Male) |
| 14:08 | Build | House |
| 14:20 | Create | Archer |
| 14:20 | Create | Villager (Male) |
| 14:39 | Create | Archer |
| 14:52 | Create | Archer |
| 14:58 | Build | Mill |
| 15:09 | Create | Villager (Male) |
| 15:14 | Build | Mill |
| 15:24 | Create | Villager (Male) |
| 15:39 | Build | House |
| 15:50 | Research | Wheelbarrow |
| 16:01 | Create | Villager (Male) |
| 16:05 | Build | House |
| 16:11 | Create | Archer |
| 16:25 | Create | Archer |
| 16:25 | Create | Villager (Male) |
| 17:00 | Build | Gate |
| 17:31 | Build | Farm |
| 17:31 | Build | Farm |
| 17:31 | Build | Farm |
| 17:31 | Build | Farm |
| 17:52 | Research | Fletching |
| 17:52 | Create | Villager (Male) |
| 18:09 | Create | Villager (Male) |
| 18:12 | Build | Farm |
| 18:13 | Research | Horse Collar |
| 18:18 | Build | Farm |
| 18:18 | Build | Farm |
| 18:18 | Build | Farm |
| 18:22 | Build | House |
| 18:26 | Build | House |
| 18:29 | Create | Archer |
| 18:35 | Build | House |
| 18:51 | Create | Villager (Male) |
| 18:51 | Create | Villager (Male) |
| 19:32 | Create | Villager (Male) |
| 19:58 | Create | Villager (Male) |
| 20:00 | Build | Farm |
| 20:02 | Build | Farm |
| 20:04 | Build | Farm |
| 20:06 | Build | Farm |
| 20:08 | Create | Villager (Male) |
| 20:13 | Build | Lumber Camp |
| 20:40 | Create | Archer |
| 20:40 | Create | Archer |
| 20:42 | Research | Padded Archer Armor |
| 21:03 | Build | House |
| 21:04 | Build | House |
| 21:09 | Build | Farm |
| 21:09 | Build | Farm |
| 21:10 | Build | Farm |
| 21:18 | Research | Town Watch |
| 21:27 | Create | Archer |
| 21:28 | Create | Archer |
| 21:48 | Build | House |
| 21:49 | Build | House |
| 21:51 | Research | Castle Age |
| 22:45 | Build | Outpost |
| 23:06 | Build | Mining Camp |
| 23:10 | Research | Gold Mining |
| 24:05 | Create | Archer |
| 24:05 | Create | Archer |
| 24:08 | Create | Villager (Male) |
| 24:31 | Age | Castle Age |
| 24:34 | Research | Crossbowman (upgrade) |
| 24:35 | Research | Bodkin Arrow |
| 24:43 | Research | Hand Cart |
| 24:51 | Create | Villager (Male) |
| 24:57 | Build | Town Center |
| 24:59 | Create | Villager (Male) |
| 25:01 | Create | Villager (Male) |
| 25:03 | Build | Farm |
| 25:04 | Research | Heavy Plow |
| 25:41 | Research | Leather Archer Armor |
| 25:42 | Create | Villager (Male) |
| 25:56 | Create | Villager (Male) |
| 26:01 | Research | Bow Saw |
| 26:26 | Create | Villager (Male) |
| 26:44 | Create | Archer |
| 26:45 | Create | Villager (Male) |
| 27:02 | Create | Archer |
| 27:03 | Create | Villager (Male) |
| 27:03 | Create | Villager (Male) |
| 27:03 | Create | Villager (Male) |
| 27:03 | Create | Villager (Male) |
| 27:45 | Create | Villager (Male) |
| 27:45 | Create | Villager (Male) |
| 27:46 | Create | Villager (Male) |
| 27:58 | Create | Villager (Male) |
| 28:01 | Build | Farm |
Build order — Oliver
First 150 of 321 actions detected
| 0:03 | Build | House |
| 0:03 | Create | Villager (Male) ×4 |
| 0:04 | Create | Villager (Male) ×4 |
| 0:04 | Build | House |
| 0:12 | Research | Loom |
| 0:12 | Create | Villager (Male) |
| 0:12 | Create | Villager (Male) |
| 0:12 | Create | Villager (Male) |
| 0:13 | Create | Villager (Male) |
| 0:37 | Build | Palisade Gate |
| 0:39 | Build | Palisade Wall |
| 0:40 | Build | Palisade Wall |
| 1:23 | Create | Villager (Male) |
| 1:23 | Create | Villager (Male) |
| 2:56 | Create | Villager (Male) |
| 4:22 | Build | House |
| 4:40 | Create | Villager (Male) |
| 4:41 | Create | Villager (Male) |
| 4:50 | Build | Palisade Wall |
| 4:52 | Build | Palisade Wall |
| 5:45 | Create | Villager (Male) |
| 5:45 | Create | Villager (Male) |
| 5:46 | Create | Villager (Male) |
| 5:49 | Build | Palisade Wall |
| 6:42 | Create | Villager (Male) |
| 6:43 | Create | Villager (Male) |
| 6:43 | Create | Villager (Male) |
| 7:12 | Create | Villager (Male) |
| 7:13 | Create | Villager (Male) |
| 7:30 | Build | Palisade Wall |
| 7:37 | Build | Palisade Wall |
| 7:39 | Build | Palisade Wall |
| 7:50 | Build | House |
| 7:56 | Build | Palisade Wall |
| 7:57 | Build | Palisade Wall |
| 8:04 | Create | Villager (Male) |
| 8:04 | Create | Villager (Male) |
| 8:04 | Create | Villager (Male) |
| 8:39 | Create | Villager (Male) |
| 9:35 | Build | Lumber Camp |
| 9:39 | Create | Villager (Male) |
| 9:40 | Create | Villager (Male) |
| 10:08 | Create | Villager (Male) |
| 10:32 | Create | Villager (Male) |
| 10:35 | Build | House |
| 11:01 | Create | Villager (Male) |
| 11:03 | Build | Mill |
| 11:24 | Create | Villager (Male) |
| 11:42 | Create | Villager (Male) |
| 11:43 | Create | Villager (Male) |
| 11:43 | Create | Villager (Male) |
| 12:03 | Create | Villager (Male) |
| 12:03 | Create | Villager (Male) |
| 12:03 | Create | Villager (Male) |
| 12:21 | Build | House |
| 13:04 | Create | Villager (Male) |
| 13:04 | Create | Villager (Male) |
| 14:02 | Build | Mining Camp |
| 14:12 | Research | Feudal Age |
| 14:25 | Build | House |
| 14:37 | Build | Mining Camp |
| 15:16 | Build | House |
| 15:23 | Build | Barracks |
| 15:49 | Create | Villager (Male) |
| 15:50 | Create | Villager (Male) |
| 16:19 | Create | Villager (Male) |
| 16:31 | Age | Feudal Age |
| 16:36 | Build | Watch Tower |
| 16:46 | Create | Villager (Male) |
| 17:24 | Build | Archery Range |
| 17:54 | Build | Gate |
| 17:57 | Build | Stone Wall |
| 17:59 | Build | Stone Wall |
| 18:05 | Create | Villager (Male) |
| 18:11 | Build | Blacksmith |
| 18:18 | Build | Blacksmith |
| 18:20 | Build | House |
| 18:37 | Create | Villager (Male) |
| 18:41 | Build | House |
| 18:42 | Build | House |
| 18:59 | Research | Castle Age |
| 19:07 | Research | Double-Bit Axe |
| 19:14 | Research | Horse Collar |
| 19:36 | Create | Archer |
| 19:36 | Create | Archer |
| 19:36 | Create | Archer |
| 19:58 | Build | Farm |
| 20:01 | Build | Farm |
| 20:03 | Create | Archer |
| 20:15 | Create | Villager (Male) |
| 20:15 | Create | Villager (Male) |
| 20:15 | Create | Villager (Male) |
| 20:16 | Create | Villager (Male) |
| 20:26 | Create | Archer |
| 20:26 | Create | Archer |
| 20:36 | Build | Archery Range |
| 20:53 | Build | Lumber Camp |
| 21:02 | Research | Fletching |
| 21:13 | Build | Farm |
| 21:23 | Create | Villager (Male) |
| 21:29 | Build | Farm |
| 21:36 | Build | Farm |
| 21:42 | Age | Castle Age |
| 21:43 | Research | Crossbowman (upgrade) |
| 21:53 | Create | Archer |
| 21:53 | Create | Archer |
| 21:53 | Create | Archer |
| 21:53 | Create | Archer |
| 22:08 | Research | Bow Saw |
| 22:19 | Build | Farm |
| 22:22 | Create | Villager (Male) |
| 22:29 | Create | Archer |
| 22:29 | Create | Archer |
| 22:37 | Build | Farm |
| 22:47 | Create | Archer |
| 22:47 | Create | Archer |
| 22:58 | Build | Farm |
| 23:03 | Build | Farm |
| 23:05 | Create | Villager (Male) |
| 23:15 | Create | Archer |
| 23:16 | Create | Archer |
| 23:16 | Create | Archer |
| 23:45 | Create | Villager (Male) |
| 23:50 | Build | Lumber Camp |
| 23:53 | Create | Archer |
| 23:54 | Create | Archer |
| 23:54 | Create | Archer |
| 23:54 | Create | Archer |
| 23:57 | Research | Padded Archer Armor |
| 24:10 | Create | Villager (Male) |
| 24:14 | Build | Farm |
| 24:15 | Create | Archer |
| 24:15 | Create | Archer |
| 24:36 | Create | Villager (Male) |
| 25:07 | Create | Villager (Male) |
| 25:07 | Create | Villager (Male) |
| 25:11 | Build | House |
| 25:11 | Build | House |
| 25:12 | Build | House |
| 25:13 | Build | House |
| 25:27 | Create | Villager (Male) |
| 25:27 | Create | Villager (Male) |
| 25:29 | Create | Archer |
| 25:32 | Build | Farm |
| 25:36 | Build | Town Center |
| 25:38 | Create | Villager (Male) |
| 25:59 | Build | Farm |
| 26:00 | Build | Farm |
| 26:02 | Create | Villager (Male) |
| 26:10 | Build | Farm |
Build order — tima_1999
First 150 of 165 actions detected
| 0:07 | Create | Villager (Male) ×4 |
| 0:07 | Create | Villager (Male) ×4 |
| 0:09 | Build | House |
| 0:10 | Build | House |
| 0:11 | Research | Loom |
| 0:20 | Create | Villager (Male) ×4 |
| 0:43 | Build | Palisade Wall |
| 2:26 | Create | Villager (Male) |
| 2:26 | Create | Villager (Male) |
| 2:47 | Build | Palisade Wall |
| 2:53 | Build | Palisade Wall |
| 3:30 | Build | Lumber Camp |
| 3:36 | Create | Villager (Male) |
| 3:36 | Create | Villager (Male) |
| 4:38 | Create | Villager (Male) |
| 4:38 | Create | Villager (Male) |
| 5:05 | Build | Palisade Wall |
| 5:21 | Create | Villager (Male) |
| 6:18 | Create | Villager (Male) |
| 6:19 | Create | Villager (Male) |
| 6:36 | Build | Palisade Wall |
| 6:53 | Create | Villager (Male) |
| 6:53 | Create | Villager (Male) |
| 6:54 | Create | Villager (Male) |
| 7:54 | Create | Villager (Male) |
| 7:54 | Create | Villager (Male) |
| 8:08 | Create | Villager (Male) |
| 8:09 | Create | Villager (Male) |
| 8:25 | Build | House |
| 8:29 | Create | Villager (Male) |
| 8:30 | Create | Villager (Male) |
| 8:41 | Build | Mill |
| 9:01 | Create | Villager (Male) |
| 9:01 | Create | Villager (Male) |
| 9:23 | Create | Villager (Male) |
| 9:48 | Create | Villager (Male) |
| 9:57 | Build | House |
| 10:08 | Create | Villager (Male) |
| 10:18 | Build | Palisade Wall |
| 10:23 | Build | Palisade Wall |
| 10:53 | Build | Mill |
| 10:54 | Create | Villager (Male) |
| 10:55 | Create | Villager (Male) |
| 11:18 | Create | Villager (Male) |
| 11:55 | Create | Villager (Male) |
| 12:10 | Build | Palisade Wall |
| 12:11 | Build | Palisade Wall |
| 12:15 | Build | Outpost |
| 12:23 | Create | Villager (Male) |
| 12:40 | Research | Feudal Age |
| 12:48 | Build | Palisade Wall |
| 12:51 | Build | Palisade Wall |
| 13:37 | Build | Palisade Wall |
| 14:50 | Age | Feudal Age |
| 15:04 | Build | Watch Tower |
| 15:28 | Create | Villager (Male) |
| 15:54 | Build | Mining Camp |
| 16:50 | Create | Villager (Male) |
| 16:51 | Build | Market |
| 17:15 | Build | Blacksmith |
| 17:20 | Create | Villager (Male) |
| 17:51 | Build | Stone Wall |
| 18:07 | Build | Gate |
| 18:37 | Build | Stone Wall |
| 18:42 | Research | Castle Age |
| 19:26 | Build | Lumber Camp |
| 20:08 | Build | Mining Camp |
| 20:20 | Create | Villager (Male) |
| 20:20 | Create | Villager (Male) |
| 21:22 | Age | Castle Age |
| 21:23 | Build | Stone Wall |
| 21:27 | Create | Villager (Male) |
| 21:50 | Build | Farm |
| 22:19 | Build | Farm |
| 22:29 | Build | Watch Tower |
| 22:48 | Build | University |
| 22:50 | Build | House |
| 23:18 | Build | House |
| 23:19 | Build | House |
| 23:20 | Build | House |
| 23:27 | Build | Stone Wall |
| 23:54 | Build | House |
| 24:06 | Create | Villager (Male) |
| 24:07 | Create | Villager (Male) |
| 24:08 | Create | Villager (Male) |
| 24:11 | Build | Farm |
| 24:36 | Create | Villager (Male) |
| 24:38 | Build | Farm |
| 25:14 | Create | Villager (Male) |
| 25:14 | Create | Villager (Male) |
| 25:24 | Build | House |
| 25:26 | Build | House |
| 25:29 | Build | House |
| 25:31 | Build | Stone Wall |
| 25:55 | Create | Villager (Male) |
| 26:20 | Create | Villager (Male) |
| 26:25 | Build | Mill |
| 26:27 | Create | Villager (Male) |
| 26:51 | Build | Farm |
| 27:02 | Create | Villager (Male) |
| 27:28 | Create | Villager (Male) |
| 27:29 | Create | Villager (Male) |
| 27:38 | Build | Farm |
| 28:06 | Build | Castle |
| 28:13 | Create | Villager (Male) |
| 28:15 | Build | Farm |
| 28:27 | Build | Market |
| 28:45 | Create | Villager (Male) |
| 28:50 | Build | Farm |
| 28:52 | Create | Villager (Male) |
| 29:02 | Create | Villager (Male) |
| 29:06 | Build | Stone Wall |
| 29:24 | Build | House |
| 29:30 | Create | Villager (Male) |
| 29:33 | Build | Stone Wall |
| 29:35 | Build | Stone Wall |
| 29:36 | Build | Stone Wall |
| 29:41 | Build | Mining Camp |
| 29:58 | Build | Farm |
| 30:00 | Build | Farm |
| 30:01 | Create | Villager (Male) |
| 30:03 | Create | Villager (Male) |
| 30:14 | Build | House |
| 30:16 | Build | House |
| 30:26 | Research | Fletching |
| 30:26 | Research | Fletching |
| 30:50 | Create | Villager (Male) |
| 30:50 | Create | Villager (Male) |
| 31:18 | Create | Villager (Male) |
| 31:30 | Build | Stone Wall |
| 31:33 | Research | Guard Tower (upgrade) |
| 31:47 | Build | Watch Tower |
| 31:49 | Create | Villager (Male) |
| 31:49 | Create | Villager (Male) |
| 32:11 | Build | Stone Wall |
| 32:21 | Create | Villager (Male) |
| 32:31 | Research | Bodkin Arrow |
| 32:31 | Research | Bodkin Arrow |
| 32:33 | Create | Villager (Male) |
| 32:33 | Create | Villager (Male) |
| 32:33 | Create | Villager (Male) |
| 32:50 | Create | Villager (Male) |
| 33:07 | Build | Mining Camp |
| 33:28 | Research | Masonry |
| 33:48 | Build | Stone Wall |
| 33:50 | Build | Stone Wall |
| 33:55 | Build | Stone Wall |
| 34:02 | Create | Villager (Male) |
| 34:23 | Build | Farm |
| 34:24 | Build | Farm |
Build order — ALmotema
First 150 of 392 actions detected
| 0:02 | Create | Villager (Male) |
| 0:02 | Create | Villager (Male) |
| 0:02 | Create | Villager (Male) |
| 0:04 | Build | House |
| 0:05 | Build | House |
| 0:11 | Create | Villager (Male) |
| 1:25 | Create | Villager (Male) |
| 1:50 | Create | Villager (Male) |
| 1:53 | Build | Lumber Camp |
| 2:21 | Create | Villager (Male) |
| 3:00 | Create | Villager (Male) |
| 3:00 | Create | Villager (Male) |
| 3:01 | Create | Villager (Male) |
| 3:31 | Create | Villager (Male) |
| 3:53 | Build | House |
| 3:59 | Create | Villager (Male) |
| 3:59 | Create | Villager (Male) |
| 4:19 | Build | Mill |
| 4:37 | Create | Villager (Male) |
| 4:51 | Create | Villager (Male) |
| 5:15 | Create | Villager (Male) |
| 5:15 | Create | Villager (Male) |
| 5:25 | Build | House |
| 5:51 | Create | Villager (Male) |
| 5:51 | Create | Villager (Male) |
| 6:31 | Build | Farm |
| 6:34 | Build | Farm |
| 6:39 | Create | Villager (Male) |
| 6:39 | Create | Villager (Male) |
| 7:03 | Create | Villager (Male) |
| 7:52 | Create | Villager (Male) |
| 8:16 | Build | House |
| 8:18 | Create | Villager (Male) |
| 8:19 | Create | Villager (Male) |
| 8:40 | Build | Mill |
| 9:04 | Create | Villager (Male) |
| 9:17 | Create | Villager (Male) |
| 9:28 | Build | House |
| 9:43 | Build | Farm |
| 10:06 | Research | Feudal Age |
| 10:30 | Build | Mining Camp |
| 10:44 | Build | Farm |
| 10:56 | Create | Villager (Male) |
| 11:34 | Create | Villager (Male) |
| 12:16 | Age | Feudal Age |
| 12:44 | Build | Market |
| 12:46 | Build | Blacksmith |
| 13:08 | Create | Villager (Male) |
| 13:34 | Research | Castle Age |
| 13:35 | Research | Castle Age |
| 14:07 | Research | Double-Bit Axe |
| 14:11 | Research | Horse Collar |
| 14:33 | Build | Lumber Camp |
| 15:21 | Create | Villager (Male) |
| 15:21 | Create | Villager (Male) |
| 16:14 | Age | Castle Age |
| 16:22 | Build | Town Center |
| 16:23 | Research | Bow Saw |
| 16:29 | Build | Town Center |
| 16:32 | Research | Heavy Plow |
| 16:32 | Research | Heavy Plow |
| 16:40 | Create | Villager (Male) |
| 16:43 | Build | Farm |
| 17:14 | Build | Siege Workshop |
| 17:15 | Create | Villager (Male) |
| 17:23 | Build | Farm |
| 17:25 | Build | Farm |
| 17:36 | Create | Villager (Male) |
| 17:39 | Create | Villager (Male) |
| 17:42 | Build | Farm |
| 17:44 | Build | Farm |
| 17:45 | Create | Villager (Male) |
| 17:56 | Create | Villager (Male) |
| 17:57 | Create | Villager (Male) |
| 18:06 | Create | Villager (Male) |
| 18:11 | Build | Farm |
| 18:13 | Build | Farm |
| 18:14 | Create | Villager (Male) |
| 18:20 | Build | Farm |
| 18:26 | Create | Villager (Male) |
| 18:33 | Create | Villager (Male) |
| 18:38 | Build | Farm |
| 18:42 | Build | Farm |
| 18:44 | Build | Farm |
| 18:51 | Create | Villager (Male) |
| 18:52 | Create | Villager (Male) |
| 18:57 | Build | Farm |
| 19:00 | Build | Farm |
| 19:01 | Create | Villager (Male) |
| 19:09 | Build | House |
| 19:15 | Research | Wheelbarrow |
| 19:16 | Research | Wheelbarrow |
| 19:20 | Build | House |
| 19:28 | Build | Farm |
| 19:30 | Build | Farm |
| 19:31 | Build | Farm |
| 19:32 | Create | Villager (Male) |
| 19:36 | Build | Farm |
| 19:37 | Create | Villager (Male) |
| 19:40 | Create | Villager (Male) |
| 19:49 | Build | Farm |
| 19:51 | Build | House |
| 19:53 | Create | Villager (Male) |
| 19:56 | Create | Villager (Male) |
| 20:05 | Build | Lumber Camp |
| 20:06 | Create | Villager (Male) |
| 20:20 | Build | Town Center |
| 20:22 | Create | Villager (Male) |
| 20:29 | Create | Villager (Male) |
| 20:30 | Create | Villager (Male) |
| 20:42 | Create | Villager (Male) |
| 20:52 | Create | Villager (Male) |
| 21:05 | Create | Villager (Male) |
| 21:10 | Build | Farm |
| 21:16 | Build | Farm |
| 21:20 | Build | Farm |
| 21:24 | Create | Villager (Male) |
| 21:35 | Create | Villager (Male) |
| 21:36 | Create | Villager (Male) |
| 21:45 | Create | Villager (Male) |
| 21:48 | Create | Villager (Male) |
| 21:54 | Build | House |
| 21:58 | Research | Hand Cart |
| 21:58 | Research | Hand Cart |
| 21:59 | Research | Loom |
| 22:08 | Build | Monastery |
| 22:10 | Create | Villager (Male) |
| 22:15 | Create | Villager (Male) |
| 22:25 | Build | House |
| 22:28 | Build | House |
| 22:31 | Build | House |
| 22:32 | Build | House |
| 22:33 | Create | Villager (Male) |
| 22:42 | Create | Villager (Male) |
| 22:53 | Create | Villager (Male) |
| 22:55 | Create | Villager (Male) |
| 22:59 | Build | Farm |
| 23:01 | Create | Villager (Male) |
| 23:02 | Create | Monk |
| 23:07 | Create | Villager (Male) |
| 23:10 | Create | Villager (Male) |
| 23:15 | Build | Farm |
| 23:16 | Create | Villager (Male) |
| 23:24 | Create | Villager (Male) |
| 23:25 | Build | Lumber Camp |
| 23:27 | Create | Villager (Male) |
| 23:34 | Build | Lumber Camp |
| 23:36 | Create | Villager (Male) |
| 23:37 | Create | Villager (Male) |
| 23:42 | Build | House |
Build order — Mike_raft
First 150 of 372 actions detected
| 0:02 | Create | Villager (Male) |
| 0:02 | Create | Villager (Male) |
| 0:04 | Build | House |
| 0:05 | Build | House |
| 0:20 | Create | Villager (Male) |
| 0:20 | Create | Villager (Male) |
| 0:21 | Create | Villager (Male) |
| 1:30 | Create | Villager (Male) |
| 1:30 | Create | Villager (Male) |
| 1:47 | Build | Lumber Camp |
| 2:04 | Create | Villager (Male) |
| 2:04 | Create | Villager (Male) |
| 2:27 | Create | Villager (Male) |
| 2:28 | Create | Villager (Male) |
| 3:15 | Create | Villager (Male) |
| 3:15 | Create | Villager (Male) |
| 3:15 | Create | Villager (Male) |
| 3:41 | Create | Villager (Male) |
| 3:41 | Create | Villager (Male) |
| 4:15 | Create | Villager (Male) |
| 4:15 | Create | Villager (Male) |
| 4:15 | Create | Villager (Male) |
| 4:35 | Build | Mill |
| 4:39 | Build | Mill |
| 5:21 | Create | Villager (Male) |
| 5:21 | Create | Villager (Male) |
| 5:22 | Create | Villager (Male) |
| 5:33 | Build | House |
| 6:00 | Create | Villager (Male) |
| 6:51 | Create | Villager (Male) |
| 7:16 | Create | Villager (Male) |
| 7:42 | Create | Villager (Male) |
| 7:58 | Research | Loom |
| 8:02 | Research | Feudal Age |
| 8:58 | Build | House |
| 9:43 | Build | Mill |
| 10:28 | Age | Feudal Age |
| 10:29 | Build | Town Center |
| 10:30 | Create | Villager (Male) |
| 10:34 | Research | Double-Bit Axe |
| 10:47 | Create | Villager (Male) |
| 10:47 | Create | Villager (Male) |
| 11:30 | Create | Villager (Male) |
| 11:58 | Create | Villager (Male) |
| 12:00 | Research | Horse Collar |
| 12:03 | Build | House |
| 12:16 | Create | Villager (Male) |
| 12:19 | Build | House |
| 12:25 | Create | Villager (Male) |
| 12:26 | Create | Villager (Male) |
| 12:52 | Build | Farm |
| 12:52 | Build | Farm |
| 12:55 | Create | Villager (Male) |
| 13:00 | Build | Farm |
| 13:03 | Create | Villager (Male) |
| 13:03 | Create | Villager (Male) |
| 13:18 | Build | Farm |
| 13:27 | Create | Villager (Male) |
| 13:28 | Create | Villager (Male) |
| 13:29 | Create | Villager (Male) |
| 13:51 | Build | Farm |
| 14:13 | Create | Villager (Male) |
| 14:13 | Create | Villager (Male) |
| 14:13 | Create | Villager (Male) |
| 14:27 | Build | Farm |
| 14:42 | Create | Villager (Male) |
| 14:43 | Create | Villager (Male) |
| 14:46 | Build | House |
| 14:49 | Build | House |
| 14:57 | Build | Barracks |
| 15:14 | Create | Villager (Male) |
| 15:14 | Create | Villager (Male) |
| 15:20 | Build | House |
| 15:26 | Build | House |
| 15:27 | Build | House |
| 15:31 | Create | Villager (Male) |
| 15:31 | Create | Villager (Male) |
| 15:47 | Create | Villager (Male) |
| 15:53 | Build | Farm |
| 15:59 | Build | Stable |
| 16:08 | Build | Farm |
| 16:11 | Build | Farm |
| 16:13 | Create | Villager (Male) |
| 16:14 | Create | Villager (Male) |
| 16:22 | Build | House |
| 16:26 | Build | House |
| 16:27 | Build | House |
| 16:35 | Create | Villager (Male) |
| 16:36 | Create | Villager (Male) |
| 16:40 | Build | Farm |
| 16:41 | Build | Farm |
| 17:06 | Build | Farm |
| 17:07 | Build | Farm |
| 17:13 | Build | Lumber Camp |
| 17:13 | Create | Villager (Male) |
| 17:13 | Create | Villager (Male) |
| 17:15 | Create | Villager (Male) |
| 17:40 | Build | Blacksmith |
| 17:40 | Create | Villager (Male) |
| 17:41 | Create | Villager (Male) |
| 17:54 | Build | Lumber Camp |
| 18:04 | Create | Villager (Male) |
| 18:11 | Build | Stable |
| 18:16 | Build | Farm |
| 18:26 | Research | Castle Age |
| 18:27 | Research | Castle Age |
| 18:27 | Create | Villager (Male) |
| 18:29 | Build | House |
| 18:50 | Build | Farm |
| 19:13 | Create | Villager (Male) |
| 19:13 | Create | Villager (Male) |
| 19:13 | Create | Villager (Male) |
| 19:17 | Build | Siege Workshop |
| 19:19 | Research | Scale Barding Armor |
| 19:22 | Build | House |
| 19:22 | Build | House |
| 19:22 | Build | House |
| 19:30 | Build | Mill |
| 19:30 | Build | Farm |
| 19:31 | Build | Farm |
| 19:31 | Build | Farm |
| 19:31 | Build | Farm |
| 19:31 | Build | Farm |
| 19:35 | Build | Farm |
| 19:36 | Build | Farm |
| 19:37 | Build | Farm |
| 19:38 | Create | Villager (Male) |
| 19:38 | Create | Villager (Male) |
| 19:50 | Create | Villager (Male) |
| 19:54 | Build | Farm |
| 19:59 | Build | Farm |
| 20:01 | Build | Farm |
| 20:03 | Build | Farm |
| 20:03 | Build | Farm |
| 20:08 | Create | Villager (Male) |
| 20:12 | Build | Stable |
| 20:21 | Create | Battering Ram |
| 20:21 | Create | Battering Ram |
| 20:22 | Create | Battering Ram |
| 20:22 | Create | Battering Ram |
| 20:32 | Build | Farm |
| 20:37 | Build | Farm |
| 20:39 | Create | Villager (Male) |
| 20:43 | Research | Forging |
| 20:58 | Build | Mining Camp |
| 21:06 | Create | Villager (Male) |
| 21:09 | Age | Castle Age |
| 21:12 | Create | Battering Ram |
| 21:13 | Create | Steppe Lancer |
| 21:13 | Create | Steppe Lancer |
Match timeline
| 0:39 | Oliver · wall_segment Palisade Wall x1 |
| 0:40 | Oliver · wall_segment Palisade Wall x1 |
| 0:43 | tima_1999 · wall_segment Palisade Wall x13 |
| 2:47 | tima_1999 · wall_segment Palisade Wall x3 |
| 2:53 | tima_1999 · wall_segment Palisade Wall x8 |
| 3:06 | Element-Dy · wall_segment Palisade Wall x11 |
| 4:49 | hungyh · wall_segment Palisade Wall x1 |
| 4:50 | Oliver · wall_segment Palisade Wall x1 |
| 4:51 | hungyh · wall_segment Palisade Wall x1 |
| 4:52 | Oliver · wall_segment Palisade Wall x1 |
| 5:05 | tima_1999 · wall_segment Palisade Wall x6 |
| 5:49 | Oliver · wall_segment Palisade Wall x1 |
| 5:56 | hungyh · wall_segment Palisade Wall x1 |
| 6:00 | hungyh · wall_segment Palisade Wall x1 |
| 6:06 | hungyh · wall_segment Palisade Wall x1 |
| 6:36 | tima_1999 · wall_segment Palisade Wall x9 |
| 7:30 | Oliver · wall_segment Palisade Wall x1 |
| 7:32 | Kergin · wall_segment Palisade Wall x8 |
| 7:37 | Oliver · wall_segment Palisade Wall x1 |
| 7:38 | hungyh · wall_segment Palisade Wall x1 |
| 7:39 | Oliver · wall_segment Palisade Wall x1 |
| 7:56 | Oliver · wall_segment Palisade Wall x1 |
| 7:57 | Oliver · wall_segment Palisade Wall x2 |
| 8:35 | hungyh · wall_segment Palisade Wall x1 |
| 8:36 | hungyh · wall_segment Palisade Wall x1 |
| 8:36 | hungyh · wall_segment Palisade Wall x1 |
| 9:01 | hungyh · wall_segment Palisade Wall x1 |
| 9:04 | Element-Dy · first_building Barracks |
| 10:08 | Element-Dy · age_up feudal |
| 10:16 | Element-Dy · first_building Archery Range |
| 10:18 | tima_1999 · wall_segment Palisade Wall x7 |
| 10:23 | tima_1999 · wall_segment Palisade Wall x3 |
| 10:28 | Mike_raft · age_up feudal |
| 11:06 | Kergin · age_up feudal |
| 11:08 | jude · age_up feudal |
| 12:10 | tima_1999 · wall_segment Palisade Wall x3 |
| 12:11 | tima_1999 · wall_segment Palisade Wall x1 |
| 12:15 | Kergin · wall_segment Stone Wall x8 |
| 12:16 | ALmotema · age_up feudal |
| 12:48 | tima_1999 · wall_segment Palisade Wall x12 |
| 12:51 | tima_1999 · wall_segment Palisade Wall x10 |
| 13:37 | tima_1999 · wall_segment Palisade Wall x10 |
| 14:31 | Kergin · first_building Barracks |
| 14:38 | jude · age_up castle |
| 14:41 | jude · first_building Siege Workshop |
| 14:44 | Kergin · age_up castle |
| 14:50 | tima_1999 · age_up feudal |
| 14:57 | Mike_raft · first_building Barracks |
| 15:23 | Oliver · first_building Barracks |
| 15:45 | Kergin · first_building Stable |
| 15:59 | Mike_raft · first_building Stable |
| 16:14 | ALmotema · age_up castle |
| 16:31 | Oliver · age_up feudal |
| 16:59 | Kergin · first_building Siege Workshop |
| 17:00 | hungyh · wall_segment Palisade Wall x1 |
| 17:06 | jude · first_market_buy 100 wood |
| 17:08 | hungyh · wall_segment Palisade Wall x1 |
| 17:14 | ALmotema · first_building Siege Workshop |
| 17:22 | hungyh · wall_segment Palisade Wall x13 |
| 17:24 | Oliver · first_building Archery Range |
| 17:51 | tima_1999 · wall_segment Stone Wall x10 |
| 17:55 | Kergin · first_market_buy 100 food |
| 17:57 | Oliver · wall_segment Stone Wall x8 |
| 17:59 | Oliver · wall_segment Stone Wall x6 |
| 18:06 | hungyh · wall_segment Palisade Wall x2 |
| 18:37 | tima_1999 · wall_segment Stone Wall x10 |
| 18:50 | hungyh · age_up feudal |
| 18:51 | ALmotema · first_market_buy 100 food |
| 19:17 | Mike_raft · first_building Siege Workshop |
| 20:18 | tima_1999 · first_market_buy 100 food |
| 20:38 | hungyh · first_market_buy 100 wood |
| 21:09 | Mike_raft · age_up castle |
| 21:10 | hungyh · first_market_sell 100 food |
| 21:22 | tima_1999 · age_up castle |
| 21:23 | tima_1999 · wall_segment Stone Wall x3 |
| 21:41 | hungyh · wall_segment Stone Wall x1 |
| 21:42 | Oliver · age_up castle |
| 21:52 | hungyh · wall_segment Stone Wall x7 |
| 22:07 | hungyh · wall_segment Stone Wall x3 |
| 22:08 | ALmotema · first_building Monastery |
| 22:10 | hungyh · wall_segment Stone Wall x4 |
| 22:13 | hungyh · wall_segment Stone Wall x4 |
| 23:19 | jude · first_building Castle |
| 23:27 | tima_1999 · wall_segment Stone Wall x1 |
| 23:29 | Kergin · first_building Monastery |
| 23:51 | hungyh · age_up castle |
| 24:20 | hungyh · first_building Castle |
| 24:31 | Element-Dy · age_up castle |
| 24:53 | hungyh · wall_segment Stone Wall x1 |
| 24:54 | ALmotema · first_building Barracks |
| 24:55 | hungyh · wall_segment Stone Wall x1 |
| 25:31 | tima_1999 · wall_segment Stone Wall x1 |
| 25:56 | jude · wall_segment Stone Wall x1 |
| 26:22 | ALmotema · first_market_sell 500 wood |
| 26:39 | jude · wall_segment Stone Wall x17 |
| 26:40 | Mike_raft · first_building Monastery |
| 26:53 | Kergin · first_market_sell 500 wood |
| 27:15 | ALmotema · first_building Stable |
| 28:06 | tima_1999 · first_building Castle |
| 29:06 | tima_1999 · wall_segment Stone Wall x6 |
| 29:18 | jude · first_market_sell 100 wood |
| 29:22 | ALmotema · first_building Castle |
| 29:33 | tima_1999 · wall_segment Stone Wall x1 |
| 29:34 | ALmotema · age_up imperial |
| 29:35 | tima_1999 · wall_segment Stone Wall x1 |
| 29:36 | tima_1999 · wall_segment Stone Wall x1 |
| 30:19 | Kergin · age_up imperial |
| 30:42 | hungyh · wall_segment Stone Wall x2 |
| 30:43 | Mike_raft · age_up imperial |
| 30:54 | jude · first_building Monastery |
| 31:10 | Element-Dy · first_building Monastery |
| 31:30 | tima_1999 · wall_segment Stone Wall x2 |
| 31:59 | Mike_raft · first_building Castle |
| 32:11 | tima_1999 · wall_segment Stone Wall x4 |
| 32:32 | Element-Dy · first_building Castle |
| 32:39 | jude · age_up imperial |
| 32:43 | Mike_raft · tribute_sent a jugador 1 |
| 32:43 | Mike_raft · tribute_sent a jugador 2 |
| 32:43 | Mike_raft · tribute_sent a jugador 3 |
| 32:43 | Mike_raft · tribute_sent a jugador 4 |
| 32:43 | Mike_raft · tribute_sent a jugador 5 |
| 32:43 | Mike_raft · tribute_sent a jugador 6 |
| 32:43 | Mike_raft · tribute_sent a jugador 7 |
| 33:11 | Oliver · first_building Siege Workshop |
| 33:48 | tima_1999 · wall_segment Stone Wall x1 |
| 33:49 | Oliver · wall_segment Palisade Wall x1 |
| 33:50 | tima_1999 · wall_segment Stone Wall x1 |
| 33:51 | Oliver · wall_segment Palisade Wall x1 |
| 33:55 | tima_1999 · wall_segment Stone Wall x3 |
| 34:39 | Element-Dy · first_market_sell 100 food |
| 35:10 | Mike_raft · tribute_sent a jugador 1 |
| 35:10 | Mike_raft · tribute_sent a jugador 2 |
| 35:10 | Mike_raft · tribute_sent a jugador 3 |
| 35:10 | Mike_raft · tribute_sent a jugador 4 |
| 35:10 | Mike_raft · tribute_sent a jugador 5 |
| 35:10 | Mike_raft · tribute_sent a jugador 6 |
| 35:10 | Mike_raft · tribute_sent a jugador 7 |
| 35:13 | Element-Dy · age_up imperial |
| 35:32 | tima_1999 · first_market_sell 500 food |
| 36:33 | Oliver · first_building Castle |
| 36:35 | hungyh · age_up imperial |
| 37:05 | Oliver · wall_segment Palisade Wall x1 |
| 37:16 | Mike_raft · first_market_sell 100 food |
| 37:18 | tima_1999 · wall_segment Stone Wall x1 |
| 37:31 | jude · first_building Barracks |
| 37:32 | Oliver · age_up imperial |
| 37:33 | hungyh · first_building Siege Workshop |
| 37:42 | tima_1999 · wall_segment Stone Wall x8 |
| 41:07 | ALmotema · tribute_sent a jugador 1 |
| 41:07 | ALmotema · tribute_sent a jugador 2 |
| 41:07 | ALmotema · tribute_sent a jugador 3 |
| 41:07 | ALmotema · tribute_sent a jugador 4 |
| 41:07 | ALmotema · tribute_sent a jugador 5 |
| 41:07 | ALmotema · tribute_sent a jugador 6 |
| 41:07 | ALmotema · tribute_sent a jugador 8 |
| 41:14 | Mike_raft · resign |
[ AI ANALYSIS · 1 CREDIT ]
What really happened in this match?
Wolo.gg analyzes every decision: build order, eco, micro, common mistakes by bracket. Personalized analysis on WhatsApp or Discord in 30 seconds.
Civ guide
Wu
Perfil
Jugador #855857